 Dungeon Crawl Stone Soup version 0.25-a0-1073-gf4359a17dd (webtiles) character file.

Game seed: 1118391433344123974, levelgen mode: deterministic

98 Flugslaktarn the Shield-Bearer (level 4, 0/24 HPs)
             Began as a Vine Stalker Fighter on May 14, 2020.
             Was an Initiate of Ru.
             Slain by a jackal (3 damage)
             ... on level 3 of the Dungeon.
             The game lasted 00:01:08 (2374 turns).

Flugslaktarn the Shield-Bearer (VSFi)               Turns: 2374, Time: 00:01:09

Health: 0/24       AC:  7    Str: 20    XL:     4   Next: 71%
Magic:  0/5        EV:  7    Int:  8    God:    Ru [......]
Gold:   78         SH:  9    Dex: 13    Spells: 3/3 levels left

rFire    . . .     SeeInvis .   a - +0 war axe
rCold    . . .     Gourm    .   c - +0 kite shield
rNeg     . . .     Faith    .   b - +0 scale mail
rPois    .         Spirit   +   (no helmet)
rElec    .         Reflect  .   p - +0 cloak
rCorr    .         Harm     .   (no gloves)
MR       .....                  (no boots)
Stlth    ..........             (no amulet)
HPRegen  0.48/turn              (no ring)
MPRegen  0.09/turn              (no ring)

@: no status effects
A: fangs 2, regeneration 1, magic shield, antimagic bite, no potion heal 3, rot
immunity
a: Renounce Religion


You were on level 3 of the Dungeon.
You worshipped Ru.
Ru was noncommittal.
You were not hungry.

You visited 1 branch of the dungeon, and saw 3 of its levels.

You collected 78 gold pieces.

Inventory:

Hand Weapons
 a - a +0 war axe (weapon)
Armour
 b - a +0 scale mail (worn)
 c - a +0 kite shield (worn)
 p - a +0 cloak (worn)
   (You found it on level 2 of the Dungeon)
Jewellery
 q - an uncursed amulet of the acrobat {unknown}
   (You found it on level 2 of the Dungeon)
Scrolls
 f - 3 scrolls of remove curse {unknown}
 k - a scroll of magic mapping {unknown}
 l - 2 scrolls of identify {unknown}
Potions
 d - a potion of might
 g - a potion of mutation {unknown}
 h - a potion of curing {unknown}
 i - a potion of cancellation {unknown}
 j - a potion of heal wounds {unknown}
 m - a potion of brilliance {unknown}
 n - a potion of magic {unknown}
Comestibles
 e - 4 rations
 o - 5 chunks of flesh


   Skills:
 + Level 3.2 Fighting
 * Level 3.0 Axes
 + Level 2.9 Armour
 + Level 3.2 Shields


You had 3 spell levels left.
You didn't know any spells.
Your spell library was empty.

Dungeon Overview and Level Annotations

Branches:
Dungeon (3/15)

Altars:
Ru
Wu Jian
Zin


Innate Abilities, Weirdness & Mutations

You have extremely sharp teeth.
Your natural rate of healing is unusually fast.
When hurt, damage is shared between your health and your magic reserves.
Your bite disrupts and absorbs the magic of your enemies.
Potions cannot restore your health.
You are immune to rotting.


Message History

The orc is lightly wounded.
The orc hits you but does no damage. The orc hits you with a +0 war axe!
You hit the orc.
The orc is moderately wounded.
The orc throws a stone.
You block the stone.
You barely miss the orc. You bite the orc, but do no damage.
The orc is moderately wounded.
You hit the jackal but do no damage. You block the jackal's attack.
The orc hits you with a +0 war axe!
* * * LOW HITPOINT WARNING * * *
You block the jackal's attack. You block the orc's attack.
You are too injured to fight recklessly!
There are monsters nearby!
You are too injured to fight recklessly!
The jackal bites you.
* * * LOW HITPOINT WARNING * * *
The jackal bites you but does no damage.
You block the jackal's attack. x2; The jackal closely misses you.
The jackal bites you.
You die...

....... .......
....... .^.....
.......
#########o......
##.../.#h(.......
##.......ho.......
#......@h†o.....##
#.......h†......#
#.................
#......†..........
#..<..............
#...............#.
##..............#
#.%>...#.....#.
####......####


You could see 3 orcs and 4 jackals.

Vanquished Creatures
  2 adders
  An ooze (D:3)
  2 worms (D:2)
  3 dart slugs
  2 leopard geckos (D:1)
  An orc (D:3)
  8 bats
  4 giant cockroaches
  8 goblins
  13 hobgoblins
  4 kobolds
  6 frilled lizards
  4 rats
  2 toadstools (D:1)
60 creatures vanquished.

Vanquished Creatures (others)
  2 toadstools (D:1)
2 creatures vanquished.

Grand Total: 62 creatures vanquished

Notes
Turn   | Place    | Note
-------+----------+-------------------------------------------
     0 | D:1      | Flugslaktarn the Vine Stalker Fighter began the quest for
                  | the Orb.
     0 | D:1      | Reached XP level 1. HP: 11/11 MP: 2/2
    77 | D:1      | Reached XP level 2. HP: 16/16 MP: 3/3
   478 | D:1      | Reached XP level 3. HP: 19/19 MP: 4/4
  1010 | D:2      | Found a sacrificial altar of Ru.
  1035 | D:2      | Found a glowing silver altar of Zin.
  1035 | D:2      | Noticed an angel
  1200 | D:2      | HP: 1/20 [worm (4)]
  1267 | D:2      | Became a worshipper of Ru the Awakened
  1984 | D:2      | Gained mutation: Your natural rate of healing is unusually
                  | fast. [Vine Stalker growth]
  1984 | D:2      | Reached XP level 4. HP: 16/24 MP: 5/5
  2043 | D:2      | Found an ornate altar of the Wu Jian Council.
  2374 | D:3      | Slain by a jackal

Illustrated notes

Levels and vault maps discovered:
D:1:      ldierk_water_garden, layout_basic
D:2:      layout_basic, lemuel_coloured_pillars_altar, zin_angel,
          nicolae_ru_sacrificial_ziggurat
D:3:      layout_rooms, yredelemnul_forgotten_temple_becter, first_ration,
          serial_bayou_pond_b, uniq_sigmund

Skill      XL: |  1  2  3  4 |
---------------+-------------+-----
Axes           | 2 3 |  3.0
Shields        | 3 |  3.2
Fighting       | 3 |  3.2
Armour         | |  2.9

Action                   |  1- 3 |  4- 6 || total
-------------------------+-------+-------++-------
Melee: War axe           |   141 |    33 ||   174
       Bite              |    35 |    10 ||    45
  Eat: Chunk             |     2 |       ||     2
       Ration            |     1 |       ||     1
Armor: Scale mail        |    60 |    15 ||    75
Dodge: Dodged            |    37 |    10 ||    47
Block: Kite shield       |    80 |    21 ||   101

Table legend:
 A = Non-vault XP
 B = Vault XP
 C = Vault XP percentage of total XP
 D = Non-vault monster count
 E = Vault monster count
 F = Vault count percentage of total count
                 A         B        C        D         E       F
            +---------+---------+-------+---------+---------+-------
      Total |     141 |       0 |   0.0 |      58 |       0 |   0.0
            +---------+---------+-------+---------+---------+-------
        D:1 |      52 |       0 |   0.0 |      28 |       0 |   0.0
        D:2 |      61 |       0 |   0.0 |      24 |       0 |   0.0
        D:3 |      28 |       0 |   0.0 |       6 |       0 |   0.0
            +---------+---------+-------+---------+---------+-------
